 Dungeon Crawl Stone Soup version 0.25.0-9-g26727b657a (webtiles) character file.

Game seed: 6579801015590636905

4138 Flugkiller the Cleaver (level 10, -7/92 HPs)
             Began as a Deep Dwarf Fighter on June 20, 2020.
             Mangled by an orc warrior
             ... wielding a +0 halberd
              (17 damage)
             ... in a bailey.
             The game lasted 00:04:15 (5100 turns).

Flugkiller the Cleaver (Deep Dwarf Fighter)         Turns: 5100, Time: 00:04:15

Health: -7/92      AC: 21    Str: 23      XL:     10   Next: 7%
Magic:  2/2        EV:  5    Int: 13 (14) God:
Gold:   360        SH: 11    Dex:  8      Spells: 9/9 levels left

rFire    + + .     SeeInvis .   u - +6 war axe "Ganuk" {protect, +Inv MR+ Dex-4 Stlth+}
rCold    + . .     Gourm    .   c - +0 kite shield
rNeg     . . .     Faith    +   j - +0 plate armour of an ossuary {Int+5} (curse)
rPois    .         Spirit   .   (no helmet)
rElec    .         Reflect  .   E - scarf {rC+ rF+}
rCorr    .         Harm     .   v - +0 pair of gloves {archery}
MR       ++...                  (no boots)
Stlth    ..........             A - amulet of faith
HPRegen  0.00/turn              f - ring of protection from fire
MPRegen  0.08/turn              D - ring of stealth

@: protection aura, non-regenerating
A: damage resistance, heal wounds, sense surroundings 2, no regeneration
a: Heal Wounds, Evoke Invisibility


You were in a bailey.
You were not hungry.

You visited 2 branches of the dungeon, and saw 9 of its levels.
You also visited: Bailey.

You collected 360 gold pieces.

Inventory:

Hand Weapons
 a - a +0 war axe
 b - a +4 war axe
   (You took it off an orc warrior on level 7 of the Dungeon)
 u - the +6 war axe "Ganuk" (weapon) {protect, +Inv MR+ Dex-4 Stlth+}
   (You took it off an orc on level 5 of the Dungeon)

   It grants its wielder temporary protection when it strikes (+7 to AC).
   It affects your dexterity (-4).
   It affects your resistance to hostile enchantments.
   It lets you turn invisible.
   It makes you more stealthy.
Missiles
 h - 2 throwing nets (quivered)
Armour
 c - a +0 kite shield (worn)
 i - a +0 pair of gloves
   (You found it on level 1 of the Dungeon)
 j - the cursed +0 plate armour of an ossuary (worn) {Int+5}
   (You found it in a bailey)

   It affects your intelligence (+5).
   It has a curse placed upon it.
 s - a +0 plate armour
   (You took it off an orc warrior on level 6 of the Dungeon)
 v - a +0 pair of gloves of archery (worn)
   (You found it in a bailey)
 z - a +0 cloak
   (You found it on level 6 of the Dungeon)
 E - a scarf of resistance (worn)
   (You found it on level 7 of the Dungeon)
 F - a +2 chain mail
   (You took it off an orc warrior on level 7 of the Dungeon)
Jewellery
 f - a ring of protection from fire (left hand)
   (You found it on level 6 of the Dungeon)
 A - an amulet of faith (around neck)
   (You found it on level 6 of the Dungeon)
 D - a ring of stealth (right hand)
   (You found it on level 7 of the Dungeon)
Wands
 m - a wand of acid (4)
   (You found it on level 4 of the Dungeon)
Scrolls
 g - a scroll of magic mapping
 k - a scroll of immolation
 r - a scroll of identify
 x - 4 scrolls of remove curse
 B - a scroll of fear
Potions
 d - 3 potions of might
 l - 2 potions of brilliance
 n - a potion of stabbing
 o - a potion of magic
 p - 2 potions of degeneration
 q - 3 potions of curing
 w - a potion of heal wounds
 C - a potion of lignification
Comestibles
 e - 11 rations
 G - a chunk of flesh


   Skills:
 + Level 6.5 Fighting
 * Level 10.3 Axes
 + Level 7.9 Armour
 + Level 7.9 Shields


You had 9 spell levels left.
You didn't know any spells.
Your spell library was empty.

Dungeon Overview and Level Annotations

Branches:
Dungeon (8/15)             Temple (1/1) D:7          Bailey (1/1)
   Lair: D:8-11

Altars:
Ashenzari
Cheibriados
Dithmenos
Elyvilon
Gozag
Hepliaklqana
Kikubaaqudgha
Nemelex Xobeh
Qazlal
Ru
Sif Muna
Uskayaw
Vehumet
Xom
Yredelemnul
Zin
The Shining One
Beogh


Innate Abilities, Weirdness & Mutations

You are resistant to damage.
You can heal yourself by infusing magical energy.
You passively map the area around you.
You do not regenerate.


Message History

You barely miss the orc warrior.
The orc warrior is moderately wounded.
The orc warrior hits you but does no damage.
You are too injured to fight recklessly!
You hit the orc warrior.
The orc warrior is heavily wounded.
The orc knight no longer looks unusually strong.
The orc warrior hits you with a +0 halberd!!
* * * LOW HITPOINT WARNING * * *
You feel much better.
The orc warrior no longer looks unusually strong.
The orc warrior hits you with a +0 halberd!
* * * LOW HITPOINT WARNING * * *
You hit the orc warrior.
The orc warrior is heavily wounded.
The orc knight no longer looks unusually strong.
The orc knight roars a battlecry!
The orcs go into a battle-frenzy!
The orc warrior hits you with a +0 halberd!!
You die...

########+#############.≈.#
..##.........##.$$$.##.≈.#
.'#..≈≈≈≈≈≈≈..##,,,##.)≈.#
##..≈≈.....≈≈..##,##..≈≈.#
#..≈≈...⌠.oo§§§.#+#.)≈≈.∩#
#..≈≈..⌠∩⌠oo≈§..#+#..≈≈.##
##.§≈≈.§..o§≈..##.##.)≈≈.#
.##..§≈≈§≈≈≈..'#...##).≈.#
..##...§§....##.@o..##.≈.#
####'###'#############.≈.#
...)##.....##..........≈.#
≈≈≈..##.∩.##..≈≈≈≈≈≈≈≈≈≈.#
..≈≈..##.##..≈≈..........#
#..≈≈..###..≈≈..##########
##..≈≈.))..≈≈..##
##..≈≈≈≈≈≈≈..##
##.........##


You could see 3 orc knights and 3 orc warriors.

Vanquished Creatures
  The ghost of MajorAdolf the Skirmisher, a novice NaWn (D:7)
  Menkaure (D:7)
  Duvessa (D:7)
  6 orc warriors
  A sky beast (D:5)
  2 ice beasts (D:5)
  A necrophage (D:5)
  5 ogres
  A centaur (D:6)
  A crocodile (D:8)
  5 bullfrogs
  3 scorpions
  2 water moccasin skeletons (D:7)
  Dowan (D:7)
  2 howler monkeys
  A crimson imp (D:6)
  A bullfrog zombie (D:8)
  A centaur skeleton (D:6)
  2 jellies (D:6)
  7 orc wizards
  3 hounds
  7 orc priests
  A bullfrog skeleton (D:6)
  Jessica (D:3)
  9 worker ants
  A killer bee zombie (D:5)
  A hound zombie (D:7)
  A worker ant zombie (D:5)
  A gnoll (D:8)
  4 adders
  An ooze (D:5)
  3 adder skeletons
  2 worms (D:5)
  2 leopard geckos
  44 orcs
  A ball python (D:4)
  2 giant cockroaches
  6 goblins
  2 hobgoblins
  6 jackals
  A quokka (D:4)
  2 bats
  3 kobolds
  2 leopard gecko skeletons (D:5)
  A quokka skeleton (D:5)
  A quokka zombie (D:5)
  8 rats
161 creatures vanquished.

Notes
Turn   | Place    | Note
-------+----------+-------------------------------------------
     0 | D:1      | Flugkiller the Deep Dwarf Fighter began the quest for the
                  | Orb.
     0 | D:1      | Reached XP level 1. HP: 20/20 MP: 1/1
   258 | D:1      | Reached XP level 2. HP: 27/27 MP: 2/2
   511 | D:3      | Noticed Jessica
   523 | D:3      | Killed Jessica
   523 | D:3      | Reached skill level 3 in Axes
   523 | D:3      | Reached XP level 3. HP: 27/34 MP: 3/3
   586 | D:4      | Reached XP level 4. HP: 34/42 MP: 4/4
  1026 | D:4      | Noticed an ogre
  1036 | D:4      | Killed an ogre
  1036 | D:4      | Reached skill level 4 in Axes
  1036 | D:4      | Reached XP level 5. HP: 20/49 MP: 5/5
  1113 | D:4      | Reached XP level 6. HP: 38/56 MP: 6/6
  1660 | D:5      | Entered Level 5 of the Dungeon
  1686 | D:5      | Reached skill level 5 in Axes
  1723 | D:5      | Noticed an ice beast
  1733 | D:5      | Identified the +6 war axe "Ganuk" {protect, +Inv MR+ Dex-4
                  | Stlth+}
  1734 | D:5      | Killed an ice beast
  1765 | D:5      | Reached XP level 7. HP: 38/64 MP: 6/6
  1836 | D:5      | Reached skill level 5 in Armour
  1861 | D:5      | Reached skill level 5 in Shields
  2167 | D:5      | Reached skill level 6 in Axes
  2461 | D:5      | Reached XP level 8. HP: 37/73 MP: 6/6
  2673 | D:6      | Reached skill level 7 in Axes
  2895 | D:6      | Found a shimmering altar of Xom.
  2950 | D:6      | Reached skill level 5 in Fighting
  3265 | D:6      | Reached skill level 8 in Axes
  3749 | D:7      | Gained mutation: You passively map the area around you.
                  | [Deep Dwarf growth]
  3749 | D:7      | Reached XP level 9. HP: 40/81 MP: 6/6
  3823 | D:7      | Noticed Duvessa
  3826 | D:7      | Noticed Dowan
  3835 | D:7      | Killed Dowan
  3836 | D:7      | Killed Duvessa
  3836 | D:7      | Reached skill level 9 in Axes
  3855 | D:7      | Noticed Menkaure
  3870 | D:7      | Killed Menkaure
  3925 | D:7      | Found a runed translucent gate.
  3927 | D:7      | Found a runed translucent gate.
  3927 | D:7      | Found a runed translucent gate.
  3941 | D:7      | Noticed MajorAdolf's ghost (novice NaWn)
  3942 | D:7      | Found a roughly hewn altar of Beogh.
  3978 | D:7      | Found a staircase to the Ecumenical Temple.
  3991 | Temple   | Entered the Ecumenical Temple
  4540 | D:7      | Killed MajorAdolf's ghost
  4540 | D:7      | Reached skill level 10 in Axes
  4744 | D:8      | Reached XP level 10. HP: 45/92 MP: 4/4
  4805 | D:8      | Found a flagged portal.
  4820 | Bailey   | Entered a bailey
  4918 | Bailey   | Noticed an orc knight
  4918 | Bailey   | Noticed an orc knight
  4918 | Bailey   | Noticed an orc knight
  5049 | Bailey   | Got a bronze plate armour
  5065 | Bailey   | Identified the cursed +0 plate armour of an ossuary {Int+5}
                  | (You found it in a bailey)
  5100 | Bailey   | Mangled by an orc warrior

Illustrated notes

Levels and vault maps discovered:
D:1:      saegor_arrival_miasma, layout_basic, minmay_domino_4
D:2:      layout_rooms, first_ration, yredelemnul_altar_generic, uniq_natasha,
          uniq_crazy_yiuf_cottage
D:3:      layout_basic, uniq_jessica, uniq_grinder
D:4:      layout_basic, serial_glass, glass_columns_a, glass_columns_a
D:5:      layout_basic
D:6:      layout_basic, chequers_serial_rivers_micro_e,
          brannock_xom_greatest_gift
D:7:      layout_cave_pools, minmay_temple_entry_mist,
          biasface_ghost_orc_armoury, serial_park_tiny_pond,
          chequers_decorated_corner, uniq_duvessa, uniq_menkaure
D:8:      layout_loops_ring, lightli_bailey_entry_fortress,
          gammafunk_ghost_cemetery, serial_shops, shop, uniq_harold
Temple:   nicolae_temple_elliptical
Bailey:   bailey_polearm_1, bailey

Skill      XL: |  1  2  3  4  5  6  7  8  9 |
---------------+----------------------------+-----
Fighting       | 3 4 5 6 |  6.5
Axes           | 3 4 5 6 8 10 | 10.3
Shields        | 4 5 6 7 |  7.9
Armour         | 4 5 6 7 |  7.9

Action                   |  1- 3 |  4- 6 |  7- 9 | 10-12 || total
-------------------------+-------+-------+-------+-------++-------
Melee: War axe           |    80 |   101 |   290 |    61 ||   532
 Abil: Heal Wounds       |       |     5 |    14 |     9 ||    28
Evoke: Wand              |       |       |     1 |       ||     1
  Use: Potion            |       |       |     4 |     1 ||     5
       Scroll            |       |       |       |    12 ||    12
  Eat: Chunk             |       |     3 |    10 |     1 ||    14
       Ration            |       |       |       |     1 ||     1
Armor: Scale mail        |    34 |    45 |    39 |       ||   118
       Plate armour      |       |       |    92 |     1 ||    93
       Chain mail        |       |       |     4 |    33 ||    37
Dodge: Dodged            |    25 |    17 |    56 |    14 ||   112
Block: Kite shield       |    34 |    42 |   137 |    33 ||   246
